 Dungeon Crawl Stone Soup version 0.29-a0-25-g7f48f510a0 (webtiles) character file.

Game seed: 15129893515350416915

3007 ragingrage the Ogre Mage (level 9, -1/84 HPs)
             Began as an Ogre Fire Elementalist on Jan 31, 2022.
             Slain by an orc warrior (14 damage)
             ... on level 8 of the Dungeon on Feb 1, 2022.
             The game lasted 00:13:01 (10034 turns).

ragingrage the Ogre Mage (Ogre Fire Elementalist)  Turns: 10034, Time: 00:13:02

Health: -1/84      AC:  3    Str: 20    XL:     9   Next: 84%
Magic:  0/21       EV: 10    Int: 20    God:
Gold:   263        SH:  5    Dex: 15    Spells: 15/25 levels left

rFire   + . .      SeeInvis .   j - staff of fire
rCold   . . .      Faith    .   (no shield)
rNeg    . . .      Spirit   .   F - +0 robe of Miracles {Str+6}
rPois   .          Reflect  +   (helmet restricted)
rElec   .          Harm     .   (no cloak)
rCorr   .          Rampage  .   (gloves unavailable)
Will    .....                   (boots unavailable)
Stlth   ++........              C - amulet of reflection
HPRegen 0.24/turn               y - +6 ring of dexterity
MPRegen 0.17/turn               (no ring)

@: no status effects
A: large, unfitting armour, tough skin 1, beak, mutation resistance 1, screaming
1
a: no special abilities


You were on level 8 of the Dungeon.
You visited 2 branches of the dungeon, and saw 9 of its levels.

You collected 263 gold pieces.

Inventory:

Hand Weapons
 s - a +2 hand axe of flaming
Missiles
 c - a curare-tipped dart
 h - 2 throwing nets
Armour
 F - the +0 robe of Miracles (worn) {Str+6}
   (You found it on level 7 of the Dungeon)

   Str:       It affects your strength (+6).
Magical Staves
 j - a staff of fire (weapon)
Jewellery
 y - a +6 ring of dexterity (left hand)
 C - an amulet of reflection (around neck)
Wands
 w - a wand of flame (13)
 B - a wand of iceblast (7)
 E - a wand of mindburst (16)
Scrolls
 i - 3 scrolls of teleportation
 k - a scroll of brand weapon {unknown}
 l - 3 scrolls of immolation {unknown}
 o - a scroll of holy word {unknown}
 p - a scroll of summoning {unknown}
 r - 2 scrolls of identify
 t - a scroll of fog {unknown}
 v - 2 scrolls of torment {unknown}
 x - a scroll of magic mapping {unknown}
 z - a scroll of vulnerability {unknown}
Potions
 b - a potion of mutation
 d - a potion of heal wounds {unknown}
 e - a potion of degeneration {unknown}
 f - a potion of might {unknown}
 g - a potion of berserk rage {unknown}
 m - a potion of cancellation {unknown}
 n - 7 potions of curing
 q - 2 potions of lignification {unknown}
 u - a potion of haste {unknown}
 A - 2 potions of invisibility {unknown}
 D - a potion of ambrosia {unknown}


   Skills:
 + Level 4.1 Fighting
 - Level 1.7 Dodging
 - Level 1.4 Stealth
 + Level 8.5 Spellcasting
 + Level 6.8 Conjurations
 + Level 7.3 Fire Magic


You had 15 spell levels left.
You knew the following spells:

 Your Spells              Type           Power      Damage    Failure   Level
a - Foxfire               Conj/Fire      100%       2x1d9     1%          1
b - Scorch                Fire           100%       2d10      1%          2
c - Conjure Flame         Conj/Fire      53%        6-21      1%          3
d - Flame Wave            Conj/Fire      53%        2d11      4%          4

Your spell library contained the following spells:

 Spells                   Type           Power      Damage    Failure   Level
 Inner Flame              Hex/Fire       34%        N/A       5%          3
 Tukima's Dance           Hex            8%         N/A       24%         3
 Passage of Golubria      Tloc           8%         N/A       63%         4
 Yara's Violent Unravell  Hex/Tmut       4%         3d4       92%         5


Dungeon Overview and Level Annotations

Branches:
Dungeon (8/15)             Temple (1/1) D:4
   Lair: D:8-11

Altars:
Ashenzari
Dithmenos
Elyvilon
Gozag
Hepliaklqana
Kikubaaqudgha
Makhleb
Nemelex Xobeh
Qazlal
Ru
Trog
Xom
Yredelemnul
Zin


Innate Abilities, Weirdness & Mutations

You are too large for most types of armour.
You have tough skin. (AC +1)
You have a beak for a mouth.
You are somewhat resistant to further mutation.
You occasionally shout uncontrollably at your foes.


Message History

The wyvern bites you.
A wave of flame ripples out!
The flame wave engulfs the wyvern!
The wyvern is heavily wounded.
The flame wave engulfs the orc priest!!
The orc priest is burned terribly!
You kill the orc priest!
You hear an angry buzzing noise.
You block the wyvern's attack.
A wave of flame ripples out!
The flame wave engulfs the wyvern!
The wyvern is almost dead.
The flame wave engulfs the orc.
The orc is heavily wounded.
The flame wave engulfs the orc warrior!
The orc warrior is moderately wounded.
You finish channelling waves of flame.
You hear an angry buzzing noise.
The wyvern closely misses you.
A killer bee comes into view.
The wyvern bites you!!
Casting: Flame Wave (dangerous; 4% risk of failure)
Confirm with . or Enter, or press ? or * to list all spells.
Casting: Flame Wave (dangerous; 4% risk of failure)
Press: ? - help, Dir - look around, f - activate You feel a surge of power!
A wave of flame ripples out!
The flame wave engulfs the wyvern!
You kill the wyvern! (Press . to intensify the flame waves.)
The orc warrior hits you from afar with a +0 halberd!
Your Fighting skill increases to level 4!
A wave of flame ripples out!
The flame wave engulfs the orc!
You kill the orc!
The flame wave engulfs the orc warrior!
The orc warrior is heavily wounded.
You hear an angry buzzing noise.
The orc warrior hits you from afar with a +0 halberd!
* * * LOW HITPOINT WARNING * * *
An orc comes into view. It is wielding a +0 dagger.
Without enough magic to sustain them, the waves of flame dissipate.
You block the killer bee's attack.
The orc warrior hits you from afar with a +0 halberd!
You die...

### ..## ... #... #.. #..# #.#
#.o# #.# ≈≈# #..# #..# #.# ≈≈#
#.)# #..# ##<## ≈.#o#.)### #..#
##.#.## #.#...oy.# #..#
#.###.###<#..###@#####..# .##
##.##.#. #....##..#
#.###.###.##.###.##.##..#
##.#..###.##.....##.#...#
###....#...###>#[##.#..##
.........#..##.........########
.###...#....####.#....#.......#
.#
##.###....###...#..#.#####...
.# #.##......##...#....#


You could see an orc warrior, a killer bee and an orc.

Vanquished Creatures
  A two-headed ogre (D:8)
  Grinder (D:6)
  A wyvern (D:8)
  Eustachio (D:5)
  Duvessa (D:6)
  A water moccasin (D:5)
  An ice beast (D:6)
  An orc warrior (D:8)
  2 ogres (D:6)
  2 sky beasts
  A centaur (D:7)
  2 kobold brigands
  A bullfrog (D:8)
  A scorpion (D:6)
  Dowan (D:6)
  A water moccasin skeleton (D:5)
  A killer bee (D:8)
  2 howler monkeys
  A centaur zombie (D:5)
  A jelly (D:5)
  2 hounds
  A gnoll shaman (D:6)
  2 orc priests
  3 iguanas
  2 hound skeletons (D:5)
  A howler monkey zombie (D:6)
  8 gnolls
  13 adders
  An ufetubus (D:6)
  A worm (D:2)
  2 dart slugs (D:3)
  24 orcs
  5 ball pythons
  8 endoplasms
  A giant cockroach (D:2)
  5 goblins
  7 hobgoblins
  10 jackals
  11 kobolds
  5 quokkas
  3 bats
  7 frilled lizards
  6 rats
152 creatures vanquished.

Vanquished Creatures (others)
  475 foxfires
475 creatures vanquished.

Grand Total: 627 creatures vanquished

Notes
Turn   | Place    | Note
-------+----------+-------------------------------------------
     0 | D:1      | ragingrage the Ogre Fire Elementalist began the quest for
                  | the Orb.
     0 | D:1      | Reached XP level 1. HP: 16/16 MP: 3/3
    41 | D:1      | Reached skill level 1 in Conjurations
   487 | D:1      | Reached XP level 2. HP: 22/24 MP: 3/5
   915 | D:1      | You fall into a shaft and drop 1 floor!
  1145 | D:2      | Reached skill level 3 in Spellcasting
  1145 | D:2      | Reached XP level 3. HP: 31/31 MP: 2/7
  1325 | D:2      | Reached XP level 4. HP: 39/39 MP: 0/9
  1916 | D:1      | Found a faded altar of an unknown god.
  2134 | D:3      | Learned a level 2 spell: Scorch
  2138 | D:3      | Learned a level 3 spell: Conjure Flame
  2229 | D:3      | Reached XP level 5. HP: 45/45 MP: 0/10
  2503 | D:3      | Reached skill level 4 in Spellcasting
  2832 | D:3      | Identified the +2 quarterstaff of the Heart {vorpal, rF+
                  | Int-4 Dex+7 Stlth+}
  3218 | D:4      | Reached XP level 6. HP: 48/53 MP: 7/12
  3581 | D:4      | Found a broken altar of Ashenzari.
  3877 | D:4      | Found a staircase to the Ecumenical Temple.
  3940 | D:4      | Found a basalt altar of Yredelemnul.
  3965 | Temple   | Entered the Ecumenical Temple
  4719 | D:4      | Found a burning altar of Makhleb.
  4807 | D:5      | Entered Level 5 of the Dungeon
  5070 | D:5      | Reached skill level 5 in Spellcasting
  5070 | D:5      | Reached XP level 7. HP: 59/59 MP: 5/14
  5445 | D:5      | Reached skill level 5 in Fire Magic
  5828 | D:5      | Noticed Eustachio
  5835 | D:5      | Learned a level 4 spell: Flame Wave
  5860 | D:5      | Killed Eustachio
  6166 | D:5      | Found a sacrificial altar of Ru.
  6212 | D:6      | Reached skill level 6 in Spellcasting
  6212 | D:6      | Reached XP level 8. HP: 67/67 MP: 11/17
  6360 | D:6      | Gained mutation: You occasionally shout uncontrollably at
                  | your foes. [potion of mutation]
  6360 | D:6      | Gained mutation: You have a beak for a mouth. [potion of
                  | mutation]
  6360 | D:6      | Gained mutation: You are somewhat resistant to further
                  | mutation. [potion of mutation]
  6716 | D:6      | Noticed Dowan
  6865 | D:6      | Reached skill level 5 in Conjurations
  7386 | D:6      | Found an ancient bone altar of Kikubaaqudgha.
  7562 | D:6      | Reached skill level 7 in Spellcasting
  7708 | D:6      | Noticed Duvessa
  7723 | D:6      | Killed Duvessa
  7784 | D:6      | Noticed Grinder
  7797 | D:6      | Killed Dowan
  7863 | D:6      | Paralysed by Grinder for 2 turns
  7866 | D:6      | Killed Grinder
  7867 | D:6      | Reached XP level 9. HP: 63/74 MP: 8/20
  8928 | D:7      | Identified the +0 robe of Miracles {Str+6}
  9067 | D:7      | Reached skill level 1 in Fighting
  9540 | D:8      | Noticed a two-headed ogre
  9554 | D:8      | Killed a two-headed ogre
  9555 | D:8      | Reached skill level 8 in Spellcasting
 10034 | D:8      | Slain by an orc warrior

Illustrated notes

Levels and vault maps discovered:
D:1:      dpeg_arrival_radiant, layout_basic, dilly_ecumenical_altar_fadedgnrine
D:2:      layout_rooms
D:3:      layout_rooms, minivault_27
D:4:      layout_loops_ring, makhleb_blood_cavern_becter, kennysheep_little_box,
          lemuel_doored_altar, minmay_temple_entry_ruins
D:5:      layout_basic, nicolae_ru_path_of_blood, minmay_misc_feat_encased,
          uniq_eustachio
D:6:      layout_cave_pods, marbit_many_paths, uniq_grinder, uniq_duvessa
D:7:      layout_loops_ring, lemuel_round_altar, st_stairs_12
D:8:      layout_loops_ring, kennysheep_slug_shrine, jmf_multi_god_temple,
          mainiacjoe_overflow_divided_tiny, lair_entry_dummy
Temple:   compressed_dpeg_triangle_lava_temple

Skill      XL: |  1  2  3  4  5  6  7  8  9 |
---------------+----------------------------+-----
Conjurations   | 1 2 3 4 6 |  6.8
Fire Magic     | 3 4 5 6 7 |  7.3
Spellcasting   | 3 4 5 6 7 8 |  8.5
Fighting       | 4 |  4.1
Dodging        | |  1.7
Stealth        | |  1.4

Action                   |  1- 3 |  4- 6 |  7- 9 || total
-------------------------+-------+-------+-------++-------
Melee: Unarmed           |     7 |       |       ||     7
       Dagger            |     4 |       |       ||     4
       Staff             |    11 |    76 |    28 ||   115
       Peck              |       |       |     6 ||     6
 Cast: Foxfire           |    53 |   149 |   102 ||   304
       Scorch            |       |    11 |    62 ||    73
       Flame Wave        |       |       |     3 ||     3
       Conjure Flame     |       |       |     1 ||     1
Evoke: Wand              |       |       |     2 ||     2
  Use: Scroll            |       |       |     3 ||     3
       Potion            |       |       |     2 ||     2
Armor: Robe              |     8 |    39 |    19 ||    66
Dodge: Dodged            |    12 |    58 |    36 ||   106
Block: Other             |       |       |     3 ||     3

Table legend: (Time is in decaauts)
 A = Elapsed time spent in this place.
 B = Non-inter-level travel time spent in this place.
 C = Inter-level travel time spent in this place.
 D = Time resting spent in this place.
 E = Time spent auto-exploring this place.
 F = Levels seen in this place.
 G = Mean time per level.
                   A        B        C        D        E       F      G
               +--------+--------+--------+--------+--------+-----+--------+
         Total |  10078 |   9723 |    355 |   2169 |   6248 |   9 | 1119.8 |
       Dungeon |   9773 |   9432 |    341 |   2169 |   5969 |   8 | 1221.6 |
        Temple |    304 |    290 |     14 |      0 |    279 |   1 |  304.0 |
               +--------+--------+--------+--------+--------+-----+--------+

Top non-repeatable levels by time:
     D:6: 1934 daAuts
     D:5: 1402 daAuts
     D:4: 1394 daAuts
     D:1: 1248 daAuts
     D:7: 970 daAuts
     D:2: 959 daAuts
     D:8: 946 daAuts
     D:3: 916 daAuts
  Temple: 304 daAuts
